 Dungeon Crawl Stone Soup version 0.31.0-32-g396128a36d (webtiles) character file.

Game seed: 399179880148274622

240 boopmooplesden the Covered (level 5, -1/45 HPs)
             Began as an Armataur Fighter on Mar 22, 2024.
             Incinerated by a bombardier beetle (3 damage)
             ... with a burning spray
             ... on level 4 of the Dungeon.
             The game lasted 00:03:27 (3274 turns).

boopmooplesden the Covered (Armataur Fighter)       Turns: 3274, Time: 00:03:27

Health: -1/45      AC: 10    Str: 21    XL:     5   Next: 80%
Magic:  5/5        EV:  6    Int:  8    God:
Gold:   143        SH:  5    Dex: 12    Spells: 4/4 levels left

rFire   . . .        a - +0 long sword
rCold   . . .        c - +0 buckler
rNeg    . . .        m - +0 chain mail
rPois   .            (no helmet)
rElec   .            (no cloak)
rCorr   .            (no gloves)
SInv    .            (no barding)
Will    .....        (no amulet) Stlth
                     (no ring)
HPRegen 0.00/turn    (no ring)
MPRegen 0.09/turn

%: roll
@: on fire, inhibited regen, hasted, glowing, very quick
A: large, deformed body, tough skin 3, armoured tail, roll 1, iridescent scales
1, inhibited regeneration
a: no special abilities


You were on level 4 of the Dungeon.
You visited 1 branch of the dungeon, and saw 4 of its levels.

You collected 143 gold pieces.

Inventory:

Hand Weapons
 a - a +0 long sword (weapon)
 j - a +1 whip of flaming
Missiles
 d - 4 javelins (quivered)
Armour
 b - a +0 scale mail
 c - a +0 buckler (worn)
 m - a +0 chain mail (worn)
 p - a +0 chain mail
Talismans
 g - a flux talisman
Wands
 q - a wand of iceblast (6)
Scrolls
 h - a scroll of fear
 i - a scroll of poison
 o - 5 scrolls of teleportation
Potions
 e - a potion of cancellation
 k - 2 potions of magic
 n - a potion of curing {unknown}


   Skills:
 + Level 3.3 Fighting
 + Level 3.7 Long Blades
 + Level 5.0 Armour
 + Level 0.7 Dodging
 + Level 0.5 Stealth
 + Level 4.0 Shields


You had 4 spell levels left.
You didn't know any spells.
Your spell library contained the following spells:

 Spells                   Type           Power      Damage    Failure   Level
 Freeze                   Ice            0%         1d3       98%         1
 Magic Dart               Conj           0%         1d3       98%         1
 Blink                    Tloc           0%         N/A       99%         2
 Call Imp                 Summ           0%         N/A       99%         2
 Frozen Ramparts          Ice            0%         1d1       100%        3
 Hailstorm                Conj/Ice       0%         3d5       100%        3


Dungeon Overview and Level Annotations

Branches:
Dungeon (4/15)
 Temple: D:4-7

Altars:
Elyvilon
Fedhas
Makhleb
Sif Muna

Annotations:
D:4 Edmund


Innate Abilities, Weirdness & Mutations

Armour fits poorly on your strangely shaped body.
You have extremely tough skin. (AC +3)
You have a long armoured tail.
You regenerate magic when rolling toward enemies. (Rampage MPRegen)
You are partially covered in iridescent scales. (AC +2)
You do not regenerate when monsters are visible.


Message History

You miss the hound.
The hound is moderately wounded.
The liquid fire burns you! You block the hound's attack.
The bombardier beetle bites you but does no damage.
You block the hound's attack.
You barely miss the bombardier beetle. You tail-slap the bombardier beetle.
The bombardier beetle is moderately wounded.
The liquid fire burns you! The hound bites you but does no damage.
The hound barely misses you.
The bombardier beetle sprays incendiary fluid at you.
The burning spray hits you.
You are even more covered in liquid fire!
You barely miss the bombardier beetle.
The bombardier beetle is moderately wounded.
The liquid fire burns you!
* * * LOW HITPOINT WARNING * * *
The hound bites you but does no damage. x2
You block the bombardier beetle's attack.
You slash the bombardier beetle!
You kill the bombardier beetle!
The liquid fire burns you!
* * * LOW HITPOINT WARNING * * *
You block the hound's attack. The hound bites you but does no damage.
Your Armour skill increases to level 5!
Found a blossoming altar of Fedhas and a white marble altar of Elyvilon.
You shake off some of the fire as you move.
The liquid fire burns you!
* * * LOW HITPOINT WARNING * * *
The hound bites you but does no damage. x2
You see here a bombardier beetle corpse.
It was a potion of haste.
You feel yourself speed up. The liquid fire burns you!
* * * LOW HITPOINT WARNING * * *
The hound bites you but does no damage.
It was a potion of mutation.
You feel extremely strange.
Your regeneration stops near monsters.
Iridescent scales grow over part of your body.
The liquid fire burns you!
You die...

_.._ .... # ######
##. ##$$$$##
#..##...... #..
#...##.?..##.!#
#....#8..8#...#
#......h@.....#
.#.#...##.####
#.#.#.##.#
#...#....# ##
#.....############
+................
#.....##.......#
#.....##.......+
#.......##.......#


You could see a hound.

Vanquished Creatures
  An ogre (D:4)
  A bombardier beetle (D:4)
  A jelly (D:4)
  3 adders
  A ribbon worm (D:2)
  8 ball pythons
  A bat (D:1)
  8 endoplasms
  7 giant cockroaches
  7 hobgoblins
  3 jackals (D:4)
  7 quokkas
  2 frilled lizards (D:1)
  3 goblins
  5 kobolds (D:1)
  7 rats
65 creatures vanquished.

Notes
Turn   | Place    | Note
-------+----------+-------------------------------------------
     0 | D:1      | boopmooplesden the Armataur Fighter began the quest for the
                  | Orb.
     0 | D:1      | Reached XP level 1. HP: 18/18 MP: 1/1
   215 | D:1      | Reached XP level 2. HP: 25/25 MP: 2/2
   444 | D:1      | Reached skill level 4 in Armour
  1041 | D:2      | Found Soemm's Antique Armour Emporium.
  1204 | D:2      | Reached XP level 3. HP: 29/31 MP: 3/3
  1903 | D:3      | Reached XP level 4. HP: 35/38 MP: 4/4
  2542 | D:3      | Found a shimmering blue altar of Sif Muna.
  2656 | D:4      | Noticed an ogre
  2662 | D:4      | Killed an ogre
  2663 | D:4      | Reached XP level 5. HP: 45/45 MP: 5/5
  2959 | D:4      | Found a burning altar of Makhleb.
  3000 | D:4      | Noticed Edmund
  3272 | D:4      | Reached skill level 5 in Armour
  3272 | D:4      | Found a blossoming altar of Fedhas.
  3272 | D:4      | Found a white marble altar of Elyvilon.
  3273 | D:4      | HP: 2/45 [burnt (3)]
  3274 | D:4      | Gained mutation: You do not regenerate when monsters are
                  | visible. [potion of mutation]
  3274 | D:4      | Gained mutation: You are partially covered in iridescent
                  | scales. (AC +2) [potion of mutation]
  3274 | D:4      | Incinerated by a bombardier beetle

Illustrated notes

Levels and vault maps discovered:
D:1:      amcnicky_arrival_underground_garden, layout_basic
D:2:      layout_loops_ring, serial_shops, nicolae_shop_statue_plus,
          minmay_box_of_dots
D:3:      layout_loops_ring, led_sif_book, minmay_misc_feat_enclosed
D:4:      layout_basic, lemuel_doored_altar, jmf_multi_god_temple,
          reono_crystal_passage, chequers_arboretum, kennysheep_pointless_box,
          uniq_edmund

Skill      XL: |  1  2  3  4  5 |
---------------+----------------+-----
Long Blades    | 2 3 |  3.7
Armour         | 4 5 |  5.0
Fighting       | 3 |  3.3
Shields        | 4 |  4.0
Dodging        | |  0.7
Stealth        | |  0.5

Action                     |  1- 3 |  4- 6 || total
---------------------------+-------+-------++-------
  Melee: Long sword        |   122 |    77 ||   199
         Tailslap          |    14 |    11 ||    25
    Use: Scroll            |     5 |     1 ||     6
         Potion            |       |     3 ||     3
 Armour: Scale mail        |    92 |    38 ||   130
         Chain mail        |       |    23 ||    23
  Dodge: Dodged            |    40 |    33 ||    73
  Block: Buckler           |    30 |    15 ||    45
